 Dungeon Crawl Stone Soup version 0.31.0-11-ge490571c62 (webtiles) character file.

Game seed: 2123063096369350760

5 jestert79 the Trooper (level 1, 0/19 HPs)
             Began as a Draconian Chaos Knight on Jan 29, 2024.
             Was a Plaything of Xom.
             Succumbed to an adder's poison
             ... on level 2 of the Dungeon.
             The game lasted 00:00:39 (628 turns).

jestert79 the Trooper (Draconian Chaos Knight)       Turns: 628, Time: 00:00:40

Health: 0/19       AC:  4    Str: 14    XL:     1   Next: 66%
Magic:  1/1        EV: 12    Int: 12    God:    Xom [..*...]
Gold:   63         SH:  0    Dex: 10    Spells: 0/0 levels left

rFire   . . .        a - +0 falchion (chaos)
rCold   . . .        (no shield)
rNeg    . . .        (body armour unavailable)
rPois   .            (helmet restricted)
rElec   .            (no cloak)
rCorr   .            (no gloves)
SInv    .            (no boots)
Will    .....        (no amulet)
Stlth   +            (no ring)
HPRegen 0.23/turn    (no ring)
MPRegen 0.07/turn

%: no passive effects
@: lethally poisoned (0 -> -2)
A: AC +4, unfitting armour, cold-blooded
a: Renounce Religion


You were on level 2 of the Dungeon.
You worshipped Xom.
You were a toy of Xom.
You visited 1 branch of the dungeon, and saw 2 of its levels.

You collected 63 gold pieces.

Inventory:

Hand Weapons
 a - a +0 falchion of chaos (weapon)
Jewellery
 f - a ring of fire
Scrolls
 b - a scroll of butterflies
 d - 2 scrolls of silence {unknown}
 e - a scroll of vulnerability {unknown}
 g - a scroll of teleportation {unknown}
 i - a scroll of revelation {unknown}
Potions
 c - 2 potions of curing {unknown}
 h - 2 potions of mutation {unknown}


   Skills:
 + Level 3.4 Fighting
 + Level 3.1 Long Blades
 + Level 2.2 Dodging


You couldn't memorise any spells.
You didn't know any spells.
Your spell library contained the following spells:

 Spells                   Type           Power      Damage    Failure   Level
 Sandblast                Erth           0%         2d4       32%         1
 Passwall                 Erth           0%         N/A       69%         3
 Stone Arrow              Conj/Erth      0%         3d7       69%         3
 Brom's Barrelling Bould  Conj/Erth      0%         2d3       97%         4


Dungeon Overview and Level Annotations

Branches:
Dungeon (2/15)

Altars:


Innate Abilities, Weirdness & Mutations

Your plain brown scales are hard. (AC +4)
You cannot fit into any form of body armour.
You are cold-blooded and may be slowed by cold attacks.


Message History

No target in view!
No target in view!
h - 2 sedimented yellow potions (gained 1)
An adder comes into view.
The adder hisses angrily.
The adder barely misses you.
An adder is nearby!
An adder is nearby!
An adder is nearby!
You barely miss the adder. The adder barely misses you.
You barely miss the adder. The adder bites you but does no damage.
The adder bites you.
You barely miss the adder. The adder bites you.
You closely miss the adder. The adder bites you but does no damage.
The adder bites you.
You miss the adder.
Your tail-slap misses the adder.
The adder bites you.
You are poisoned.
The adder poisons you!
You hit the adder. You burn the adder.
You tail-slap the adder, but do no damage.
The adder is almost dead.
You feel sick. The adder bites you. x2
* * * LOW HITPOINT WARNING * * *
You are too injured to fight recklessly!
You are too injured to fight recklessly!
You barely miss the adder.
The adder is almost dead.
* * * LOW HITPOINT WARNING * * *
You feel sick. The adder barely misses you.
Unknown command.
You closely miss the adder.
Your tail-slap misses the adder.
The adder is almost dead.
* * * LOW HITPOINT WARNING * * *
You feel sick.
The adder bites you but does no damage. x2
Unknown command.
Unknown command.
You hit the adder.
You kill the adder!
You die...
Xom is highly amused!

# . # # ## . .#. .# #
#.# .# ##. #.# .# #.
#.# .# .# #.# .# .###.#
###.##.# .....#
#....@.# .###.#
#.#.#### # .###.####
#.#.# .## (.......#
#.#.# .... .###.##.#
#.#.# .....
.###.##.####.#.##......
................)......
..##...........###.....
...######.##.#.# ...


There were no monsters in sight!

Vanquished Creatures
  An adder (D:2)
  A bat (D:1)
  A goblin (D:2)
  A hobgoblin (D:2)
  A frilled lizard (D:1)
  A rat (D:1)
6 creatures vanquished.

Notes
Turn   | Place    | Note
-------+----------+-------------------------------------------
     0 | D:1      | jestert79 the Draconian Chaos Knight began the quest for
                  | the Orb.
     0 | D:1      | Reached XP level 1. HP: 19/19 MP: 1/1
   525 | D:1      | XOM: god gift: 24 gold pieces
   628 | D:2      | Succumbed to an adder's poison

Illustrated notes

Levels and vault maps discovered:
D:1:      saegor_arrival_simple_d, layout_loops_ring, serial_bayou_pond_d
D:2:      layout_loops_ring, nicolae_figureground_pulse

Action                     || total
---------------------------++-------
  Melee: Falchion          ||    20
         Tailslap          ||     3
 Armour: Skin              ||    13
  Dodge: Dodged            ||    11
